 Dungeon Crawl Stone Soup version 0.29-a0-221-gceb61267dd (webtiles) character file.

Game seed: 13135316690989095906

3922 shoop the Archer (level 10, -12/78 HPs)
             Began as a Deep Elf Arcane Marksman on Feb 27, 2022.
             Was a Priest of Fedhas.
             Mangled by a gargoyle
             ... wielding a +0 morningstar
              (15 damage)
             ... on level 8 of the Dungeon.
             The game lasted 00:28:41 (9807 turns).

shoop the Archer (Deep Elf Arcane Marksman)         Turns: 9807, Time: 00:28:41

Health: -12/78     AC: 25    Str:  7    XL:     10   Next: 1%
Magic:  21/21      EV:  2    Int: 21    God:    Fedhas [***...]
Gold:   378        SH:  0    Dex: 17    Spells: 10/21 levels left

rFire   . . .      SeeInvis .   a - +0 shortbow
rCold   . . .      Faith    .   (shield currently unavailable)
rNeg    + . .      Spirit   .   (body armour currently unavailable)
rPois   +          Reflect  .   (helmet currently unavailable)
rElec   .          Harm     .   (cloak currently unavailable)
rCorr   .          Rampage  .   (gloves currently unavailable)
Will    +....      NoTele   +   (boots currently unavailable)
Stlth   ++........              (no amulet)
HPRegen 0.23/turn               u - ring of positive energy
MPRegen 0.17/turn               y - ring of poison resistance

@: tree-form
A: stationary, stasis, torment immunity, boosted hp
a: Renounce Religion, Wall of Briars, Grow Ballistomycete


You were on level 8 of the Dungeon.
You worshipped Fedhas.
Fedhas was most pleased with you.
You were a tree.
You visited 2 branches of the dungeon, and saw 9 of its levels.

You collected 378 gold pieces.

Inventory:

Hand Weapons
 a - a +0 shortbow (weapon)
Missiles
 r - 2 throwing nets
Armour
 b - a +0 robe
 d - a +0 pair of boots (melded)
 k - +0 steam dragon scales (melded)
 p - a scarf of invisibility (melded)
 D - +0 acid dragon scales
Jewellery
 u - a ring of positive energy (left branch)
 y - a ring of poison resistance (right branch)
Wands
 s - a wand of iceblast (14)
Scrolls
 e - a scroll of identify
 f - a scroll of noise
 h - a scroll of fog {unknown}
 j - a scroll of silence {unknown}
 o - a scroll of acquirement {unknown}
 t - a scroll of amnesia
 v - a scroll of teleportation
 w - a scroll of blinking {unknown}
 x - 2 scrolls of fear {unknown}
Potions
 c - 3 potions of lignification
 g - 2 potions of flight {unknown}
 i - 3 potions of magic
 l - a potion of mutation {unknown}
 m - 2 potions of heal wounds {unknown}
 n - a potion of curing
 q - 2 potions of might {unknown}
 z - 2 potions of degeneration {unknown}
 A - a potion of attraction {unknown}
 C - a potion of berserk rage {unknown}


   Skills:
 - Level 1.0 Fighting
 + Level 13.3 Bows
 - Level 3.0 Dodging
 - Level 2.0 Stealth
 - Level 6.0 Spellcasting
 - Level 8.0 Hexes
 - Level 3.0 Translocations
 - Level 2.0 Fire Magic
 + Level 5.7 Invocations
 - Level 3.0 Evocations


You had 10 spell levels left.
You knew the following spells:

 Your Spells              Type           Power      Damage    Failure   Level
a - Slow                  Hex            100%       N/A       1%          1
c - Inner Flame           Hex/Fire       27%        N/A       3%          3
f - Cause Fear            Hex            19%        N/A       3%          4
r - Portal Projectile     Hex/Tloc       58%        N/A       3%          3

Your spell library contained the following spells:

 Spells                   Type           Power      Damage    Failure   Level
 Confusing Touch          Hex            39%        N/A       1%          3
 Apportation              Tloc           36%        N/A       2%          1
 Summon Guardian Golem    Hex/Summ       23%        N/A       5%          3
 Summon Small Mammal      Summ           24%        N/A       10%         1
 Static Discharge         Conj/Air       6%         N/A       14%         2
 Call Canine Familiar     Summ           6%         N/A       28%         3
 Vampiric Draining        Necr           6%         2d6       28%         3
 Sticky Flame             Conj/Fire      10%        2d3       54%         4
 Dispel Undead            Necr           6%         3d8       67%         4
 Alistair's Intoxication  Tmut/Pois      4%         N/A       95%         5


Dungeon Overview and Level Annotations

Branches:
Dungeon (8/15)             Temple (1/1) D:4
   Lair: D:8-11

Altars:
Ashenzari
Cheibriados
Elyvilon
Fedhas
Kikubaaqudgha
Trog
Uskayaw
Vehumet
Xom
Yredelemnul
Zin
The Shining One
Beogh

Shops:
D:1 ((

Annotations:
D:8 3 runed translucent doors, exclusions: cyclops and 1 more exclusion, IdlyInterested's ghost, journeyman FoFi


Message History

You hear a loud clanging noise!
It was a scroll of noise.
The gargoyle hits you but does no damage.
The gargoyle hurls a stone arrow at you.
The stone arrow hits you.
* * * LOW HITPOINT WARNING * * *
Casting: Cause Fear (dangerous; 3% risk of failure)
Confirm with . or Enter, or press ? or * to list all spells.
Okay, then.
Unknown command.
Casting: Cause Fear (dangerous; 3% risk of failure)
Confirm with . or Enter, or press ? or * to list all spells.
Casting: Cause Fear (dangerous; 3% risk of failure)
Press: ? - help, Dir - look around, f - activate
Okay, then.
Unknown command.
As you read the scroll labelled YHIAGO YFUOGI, it crumbles to dust.
It is a scroll of identify.
t - a scroll of amnesia The gargoyle hurls a stone arrow at you.
The stone arrow hits you but does no damage.
The gargoyle hurls a stone arrow at you.
The stone arrow hits you.
* * * LOW HITPOINT WARNING * * *
It was a potion of magic.
Magic courses through your body.
The gargoyle hurls a stone arrow at you.
The stone arrow hits you but does no damage.
The gargoyle hits you with a +0 morningstar!
* * * LOW HITPOINT WARNING * * *
You are too injured to fight recklessly!
Aiming: Iceblast
Press: ? - help, Shift-Dir - straight line The mass of ice explodes!
The iceblast engulfs the gargoyle!
The gargoyle is heavily damaged.
The iceblast engulfs the gargoyle but does no damage.
The gargoyle hits you with a +0 flail.
* * * LOW HITPOINT WARNING * * *
The gargoyle hits you with a +0 morningstar!
You die...
Fedhas appreciates your contribution to the ecosystem.

#.#
#..#.##...##)#..####..####
#.#
#.###'.....'###.##...>....
..#
#.#$#.......#!#.##.###.###
..#
#.##'.......'##.##.....#
..#
#.##...§8☼...##.########
#.# #.##+..§)§..'##.# #.#
#.# #.9§§○..# #.# ..#
#.###'...999###.# ###
#..#!##'9♣##8#..#
##.###8###8###.##
#...#######...#
###.........###
###########


You could see 5 gargoyles.

Vanquished Creatures
  A gargoyle (D:8)
  Grinder (D:6)
  Sigmund (D:4)
  2 steam dragons
  An acid dragon (D:8)
  A water moccasin (D:6)
  5 black bears
  An ice beast (D:6)
  A sky beast (D:7)
  2 necrophages
  6 ogres
  3 centaurs
  A phantom (D:5)
  Blork the orc (D:5)
  A bullfrog (D:8)
  A gnoll sergeant (D:5)
  A kobold brigand (D:7)
  2 scorpions
  3 howler monkeys (D:8)
  2 jellies (D:6)
  5 hounds
  3 iguanas
  2 orc wizards (D:3)
  23 gnolls
  7 adders
  A white imp (D:7)
  An ufetubus (D:6)
  A dart slug (D:3)
  25 orcs
  5 endoplasms
  3 giant cockroaches
  6 goblins
  7 hobgoblins
  17 jackals
  11 kobolds
  A quokka (D:1)
  4 ball pythons (D:1)
  6 bats
  4 frilled lizards
  4 rats
173 creatures vanquished.

Vanquished Creatures (others)
  2 plants (D:4)
2 creatures vanquished.

Grand Total: 175 creatures vanquished

Notes
Turn   | Place    | Note
-------+----------+-------------------------------------------
     0 | D:1      | shoop the Deep Elf Arcane Marksman began the quest for the
                  | Orb.
     0 | D:1      | Reached XP level 1. HP: 11/11 MP: 5/5
    66 | D:1      | Reached skill level 1 in Stealth
   192 | D:1      | Reached XP level 2. HP: 16/16 MP: 6/6
   207 | D:1      | Reached skill level 3 in Bows
   255 | D:1      | Reached skill level 1 in Fighting
   284 | D:1      | Found Ejesud's Weapon Shoppe.
   465 | D:1      | Found Jyit's Antique Weapon Shop.
   553 | D:1      | Found a faded altar of an unknown god.
   831 | D:2      | Reached skill level 4 in Bows
   832 | D:2      | Reached XP level 3. HP: 20/20 MP: 7/7
  1014 | D:2      | Learned a level 3 spell: Inner Flame
  1582 | D:3      | Reached skill level 1 in Fire Magic
  1623 | D:3      | Reached XP level 4. HP: 18/25 MP: 7/9
  1736 | D:3      | Noticed a scorpion
  2102 | D:3      | Reached skill level 5 in Hexes
  2222 | D:3      | You fall into a shaft and drop 1 floor!
  2242 | D:4      | Noticed a steam dragon
  2245 | D:4      | Noticed a black bear
  2252 | D:4      | Killed a black bear
  2253 | D:4      | Reached XP level 5. HP: 19/29 MP: 2/10
  2254 | D:4      | Killed a steam dragon
  2255 | D:4      | Reached XP level 6. HP: 23/34 MP: 2/14
  2325 | D:4      | Noticed Sigmund
  2333 | D:4      | Killed Sigmund
  2334 | D:4      | Reached skill level 5 in Spellcasting
  2830 | D:4      | Found a staircase to the Ecumenical Temple.
  2842 | Temple   | Entered the Ecumenical Temple
  2898 | Temple   | Became a worshipper of Fedhas Madash
  2903 | Temple   | Learned a level 3 spell: Portal Projectile
  2908 | Temple   | Learned a level 4 spell: Cause Fear
  3193 | D:4      | Reached XP level 7. HP: 38/38 MP: 15/17
  3494 | D:4      | Reached skill level 1 in Translocations
  3713 | D:4      | Reached skill level 5 in Bows
  4037 | D:4      | Reached * piety under Fedhas
  4698 | D:4      | Reached ** piety under Fedhas
  4699 | D:4      | Reached skill level 1 in Evocations
  4812 | D:4      | Reached skill level 6 in Bows
  4812 | D:4      | Reached XP level 8. HP: 43/43 MP: 15/19
  5128 | D:4      | Reached skill level 1 in Invocations
  5295 | D:5      | Entered Level 5 of the Dungeon
  5297 | D:5      | Noticed Blork the orc
  5784 | D:5      | Killed Blork the orc
  5785 | D:5      | Reached skill level 7 in Bows
  6156 | D:5      | Reached skill level 8 in Bows
  6629 | D:6      | Found a glowing silver altar of Zin.
  6652 | D:6      | Reached skill level 9 in Bows
  6665 | D:6      | Found a white marble altar of Elyvilon.
  6837 | D:6      | Noticed Grinder
  6946 | D:6      | Killed Grinder
  6947 | D:6      | Reached skill level 10 in Bows
  6947 | D:6      | Reached XP level 9. HP: 47/47 MP: 13/20
  7081 | D:6      | Reached skill level 11 in Bows
  7390 | D:7      | Reached *** piety under Fedhas
  7542 | D:7      | Reached skill level 12 in Bows
  8452 | D:8      | Noticed a cyclops
  8871 | D:8      | Found a runed translucent gate.
  8871 | D:8      | Found a runed translucent gate.
  8872 | D:8      | Noticed IdlyInterested's ghost (journeyman FoFi)
  8873 | D:8      | Found a runed translucent gate.
  9109 | D:8      | Reached skill level 5 in Invocations
  9144 | D:8      | Reached skill level 13 in Bows
  9723 | D:8      | Noticed a gargoyle
  9799 | D:8      | Killed a gargoyle
  9800 | D:8      | Reached XP level 10. HP: 13/52 MP: 18/21
  9801 | D:8      | Noticed a gargoyle
  9801 | D:8      | Noticed a gargoyle
  9801 | D:8      | Noticed a gargoyle
  9801 | D:8      | Noticed a gargoyle
  9801 | D:8      | Noticed a gargoyle
  9807 | D:8      | HP: 3/78 [gargoyle/+0 flail (6)]
  9807 | D:8      | Mangled by a gargoyle

Illustrated notes

Levels and vault maps discovered:
D:1:      lemuel_arrival_rhombus, layout_basic, serial_shops,
          nicolae_shop_bloodbath_and_beyond, nicolae_square_shop,
          shapermc_ecumenical_altar_pompeii
D:2:      layout_loops_corners
D:3:      layout_basic, hex_medium, grunt_decor_one_mirror
D:4:      lemuel_castle_with_subvaults [lemuel_castle_interior_carwin_1],
          layout_loops_cross, minmay_temple_entry_junction_2, uniq_sigmund
D:5:      layout_layer_cave, uniq_blork_the_orc
D:6:      layout_basic, nicolae_overflow_hidden_temple, uniq_grinder
D:7:      layout_loops_ring
D:8:      cheibrodos_statue_roulette, layout_basic, serial_corexii_hall,
          corexii_hall_statues_l, chequers_hall_statues_y,
          corexii_hall_statues_i, corexii_hall_statues_t,
          biasface_ghost_orc_armoury
Temple:   zaba_magenta_temple

Skill      XL: |  1  2  3  4  5  6  7  8  9 |
---------------+----------------------------+-----
Stealth        | 2 |  2.0
Bows           | 4 6 10 13 | 13.3
Fighting       | 1 |  1.0
Spellcasting   | 2 4 5 6 |  6.0
Dodging        | 3 |  3.0
Fire Magic     | 1 2 |  2.0
Hexes          | 5 6 7 8 |  8.0
Translocations | 2 3 |  3.0
Evocations     | 1 3 |  3.0
Invocations    | 2 5 |  5.7

Action                   |  1- 3 |  4- 6 |  7- 9 | 10-12 || total
-------------------------+-------+-------+-------+-------++-------
 Fire: Shortbow          |   113 |    86 |   468 |       ||   667
 Cast: Slow              |     4 |    22 |    64 |       ||    90
       Inner Flame       |       |    10 |    38 |       ||    48
       Cause Fear        |       |       |     4 |       ||     4
Evoke: Wand              |       |       |     1 |     1 ||     2
  Use: Scroll            |       |       |       |     3 ||     3
       Potion            |       |       |       |     2 ||     2
Armor: Robe              |    13 |     1 |       |       ||    14
       Steam dragon scal |       |    24 |    25 |       ||    49
       Skin              |       |       |       |     3 ||     3
Dodge: Dodged            |    25 |    62 |    73 |       ||   160

Table legend: (Time is in decaauts)
 A = Elapsed time spent in this place.
 B = Non-inter-level travel time spent in this place.
 C = Inter-level travel time spent in this place.
 D = Time resting spent in this place.
 E = Time spent auto-exploring this place.
 F = Levels seen in this place.
 G = Mean time per level.
                   A        B        C        D        E       F      G
               +--------+--------+--------+--------+--------+-----+--------+
         Total |   9943 |   9325 |    618 |    581 |   6748 |   9 | 1104.8 |
       Dungeon |   9860 |   9258 |    602 |    581 |   6713 |   8 | 1232.5 |
        Temple |     82 |     66 |     16 |      0 |     35 |   1 |   82.0 |
               +--------+--------+--------+--------+--------+-----+--------+

Top non-repeatable levels by time:
     D:4: 2356 daAuts
     D:5: 1362 daAuts
     D:3: 1357 daAuts
     D:8: 1296 daAuts
     D:7: 1137 daAuts
     D:2: 1010 daAuts
     D:6: 670 daAuts
     D:1: 668 daAuts
  Temple: 82 daAuts
